 Seeded DCSS version 0.28-a0-1567-g1695149f81 (webtiles) character file.

Game seed: 121 (custom seed)

8 knot the Chopper (level 2, 15/24 HPs)
             Began as a Demonspawn Berserker on Jan 19, 2022.
             Was a Follower of Trog.
             Quit the game on level 1 of the Dungeon.
             The game lasted 00:00:15 (193 turns).

knot the Chopper (Demonspawn Berserker)              Turns: 193, Time: 00:00:16

Health: 15/24      AC:  5    Str: 17    XL:     2   Next: 0%
Magic:  2/2        EV:  8    Int:  8    God:    Trog [*.....]
Gold:   0          SH:  0    Dex: 12    Spells: 1/1 levels left

rFire   . . .      SeeInvis .   a - +0 hand axe
rCold   . . .      Faith    .   (no shield)
rNeg    . . .      Spirit   .   c - +0 ring mail
rPois   .          Reflect  .   (no helmet)
rElec   .          Harm     .   (no cloak)
rCorr   .          Rampage  .   (no gloves)
Will    .....                   (no boots)
Stlth   +.........              (no amulet)
HPRegen 0.08/turn               (no ring)
MPRegen 0.08/turn               (no ring)

@: constricted
A: hooves 1
a: Renounce Religion, Berserk


You were on level 1 of the Dungeon.
You worshipped Trog.
Trog was aware of your devotion.
You visited 1 branch of the dungeon, and saw 1 of its levels.

Inventory:

Hand Weapons
 a - a +0 hand axe (weapon)
Armour
 c - a +0 ring mail (worn)
Scrolls
 b - a scroll of vulnerability {unknown}


   Skills:
 - Level 3.0 Fighting
 + Level 3.2 Axes
 - Level 1.7 Armour
 - Level 1.7 Dodging


You had one spell level left.
You didn't know any spells.
Your spell library was empty.

Dungeon Overview and Level Annotations

Branches:
Dungeon (1/15)

Altars:


Innate Abilities, Weirdness & Mutations

You have large cloven feet.


Message History

You slash the quokka!
You kill the quokka!
Trog accepts your kill.
Found a robe.
No target in view!
A jackal comes into view.
A jackal, a frilled lizard, a ball python, a goblin and a giant cockroach come into view.
The jackal barks!
The frilled lizard hisses angrily.
The ball python hisses angrily.
The goblin shouts!
The frilled lizard bites you but does no damage.
You hit the frilled lizard.
You kill the frilled lizard!
Trog accepts your kill.
You hit the jackal but do no damage. The jackal bites you.
The jackal misses you. The giant cockroach bites you.
There are monsters nearby!
You hit the jackal.
The jackal is severely wounded.
You hit the giant cockroach.
The jackal bites you but does no damage.
The giant cockroach bites you.
You barely miss the jackal.
The jackal is severely wounded.
You hit the jackal. You closely miss the giant cockroach.
The jackal bites you but does no damage. x2
The giant cockroach closely misses you. The jackal misses you.
The jackal barely misses you.
You hit the jackal.
You kill the jackal!
Trog accepts your kill.
You hit the giant cockroach but do no damage.
You barely miss the jackal. The giant cockroach bites you.
The jackal bites you but does no damage.
The giant cockroach misses you. The ball python barely misses you.
The ball python grabs you. The ball python constricts you.
You have reached level 2!
You feel monstrous as your demonic heritage exerts itself.
Your demonic ancestry asserts itself...
Your feet thicken and deform.
Are you sure you want to abandon this character and quit the game? (Confirm with "yes".)

# #.....#
#.....# #.....#
## #.....# .###
#.....# ...##
#.....# ....##
#.ShB.###
#....##
###@#...
###..)##
#[#.#.#
##...###
#.....#
##....###
##...##
##.....###...##
##.......#..#
###............
###.....#.###
#####.#...


You could see a jackal, a giant cockroach and a ball python.

Vanquished Creatures
  A dart slug (D:1)
  A ball python (D:1)
  A jackal (D:1)
  A quokka (D:1)
  A frilled lizard (D:1)
  A kobold (D:1)
6 creatures vanquished.

Notes
Turn   | Place    | Note
-------+----------+-------------------------------------------
     0 | D:1      | knot the Demonspawn Berserker began the quest for the Orb.
     0 | D:1      | Reached XP level 1. HP: 18/18 MP: 1/1
   193 | D:1      | Discovered your monstrous ancestry.
   193 | D:1      | Gained mutation: You have large cloven feet. [demonic
                  | ancestry]
   193 | D:1      | Reached XP level 2. HP: 15/24 MP: 2/2
   193 | D:1      | Quit the game

Illustrated notes

Levels and vault maps discovered:
D:1:      minmay_arrival_jagged, layout_rooms, serial_curves, eino_curves_01,
          eino_curves_04

Skill      XL: |  1 |
---------------+----+-----
Axes           | 3 |  3.2
Fighting       | |  3.0
Armour         | |  1.7
Dodging        | |  1.7

Action                   || total
-------------------------++-------
Melee: Hand axe          ||    10
Armor: Ring mail         ||     5
Dodge: Dodged            ||     8

Table legend: (Time is in decaauts)
 A = Elapsed time spent in this place.
 B = Non-inter-level travel time spent in this place.
 C = Inter-level travel time spent in this place.
 D = Time resting spent in this place.
 E = Time spent auto-exploring this place.
 F = Levels seen in this place.
 G = Mean time per level.
                   A        B        C        D        E       F      G
               +--------+--------+--------+--------+--------+-----+--------+
         Total |    194 |    194 |      0 |      0 |    151 |   1 |  194.0 |
       Dungeon |    194 |    194 |      0 |      0 |    151 |   1 |  194.0 |
               +--------+--------+--------+--------+--------+-----+--------+

Top non-repeatable levels by time:
     D:1: 194 daAuts
